 Dungeon Crawl Stone Soup version 0.31-a0-960-g0fca184906 (webtiles) character file.

Game seed: 14460004687043319741

695 Gladio the Slasher (level 7, 0/59 HPs)
             Began as a Demigod Gladiator on Oct 23, 2023.
             Slain by an orc wizard
             ... wielding a +0 dagger
              (3 damage)
             ... on level 5 of the Dungeon.
             The game lasted 00:05:42 (3515 turns).

Gladio the Slasher (Demigod Gladiator)              Turns: 3515, Time: 00:05:42

Health: 0/59       AC:  8    Str: 13 (15) XL:     7   Next: 14%
Magic:  9/9        EV: 15    Int:  9 (12) God:
Gold:   181        SH:  0    Dex: 26 (27) Spells: 6/6 levels left

rFire   . . .        r - +1 short sword (freeze)
rCold   . . .        (no shield)
rNeg    . . .        w - +2 leather armour of the Exiled Tusks {rPois Int+2 Dex-2}
rPois   +            o - +0 helmet
rElec   .            (no cloak)
rCorr   .            m - +1 pair of gloves
SInv    .            (no boots)
Will    .....        (no amulet)
Stlth   ++           k - +6 ring of dexterity
HPRegen 0.29/turn    (no ring)
MPRegen 0.11/turn

%: no passive effects
@: no status effects
A: high MP 1, forlorn, divine attributes, mutation resistance 1
a: no special abilities


You were on level 5 of the Dungeon.
You visited 1 branch of the dungeon, and saw 5 of its levels.

You collected 181 gold pieces.

Inventory:

Hand Weapons
 a - a +0 long sword
 r - a +1 short sword of freezing (weapon)
Missiles
 d - 3 throwing nets
 v - 5 poisoned darts
Armour
 b - a +0 leather armour
 c - a +0 helmet
 i - a +0 ring mail
 m - a +1 pair of gloves (worn)
 o - a +0 helmet (worn)
 w - the +2 leather armour of the Exiled Tusks (worn) {rPois Int+2 Dex-2}
   (You found it on level 3 of the Dungeon)

   Int+2:     It affects your intelligence (+2).
   Dex-2:     It affects your dexterity (-2).
   rPois:     It protects you from poison
Jewellery
 k - a +6 ring of dexterity (left hand)
Scrolls
 f - a scroll of noise {unknown}
 g - a scroll of revelation
 j - a scroll of immolation {unknown}
 l - a scroll of amnesia {unknown}
 n - a scroll of fear {unknown}
 q - a scroll of poison
 s - a scroll of enchant weapon
 t - a scroll of vulnerability {unknown}
Potions
 h - 2 potions of mutation
 u - a potion of magic


   Skills:
 + Level 4.0 Fighting
 * Level 5.9 Long Blades
 - Level 1.7 Throwing
 + Level 4.5 Dodging


You had 6 spell levels left.
You didn't know any spells.
Your spell library contained the following spells:

 Spells                   Type           Power      Damage    Failure   Level
 Magic Dart               Conj           0%         1d3       45%         1
 Blink                    Tloc           0%         N/A       61%         2
 Call Imp                 Summ           0%         N/A       61%         2
 Lesser Beckoning         Tloc           0%         N/A       61%         2
 Momentum Strike          Conj/Tloc      0%         3d8       61%         2
 Mephitic Cloud           Conj/Pois/Air  0%         N/A       83%         3
 Summon Guardian Golem    Hex/Summ       0%         N/A       83%         3
 Summon Forest            Summ/Tloc      0%         N/A       100%        5
 Summon Hydra             Summ           0%         N/A       100%        7


Dungeon Overview and Level Annotations

Branches:
Dungeon (5/15)
 Temple: D:4-7

Shops:
D:1 ?   D:4 (


Innate Abilities, Weirdness & Mutations

You have an increased reservoir of magic. (+10% MP)
You shall have no god before yourself.
Your divine heritage dramatically boosts your attributes as you level up.
You are somewhat resistant to further mutation.


Message History

Press: ? - help, Q - select action, (/) - cycle Shift-Dir - straight line You throw a javelin.
The javelin pierces through the phantom.
The phantom is lightly damaged.
The phantom barely misses you.
You hit the phantom.
The phantom is moderately damaged.
The phantom barely misses you.
You barely miss the phantom.
The phantom is moderately damaged.
The phantom barely misses you.
You barely miss the phantom.
The phantom is moderately damaged.
The phantom misses you.
You hit the phantom but do no damage.
The phantom is moderately damaged.
You hit the phantom.
The phantom is heavily damaged.
The phantom hits you.
* * * LOW HITPOINT WARNING * * *
You puncture the phantom!
The phantom is severely damaged.
The phantom completely misses you.
You closely miss the phantom.
The phantom is severely damaged.
The phantom hits you.
* * * LOW HITPOINT WARNING * * *
The phantom blinks!
You blink.
You hit the phantom.
The phantom is almost destroyed.
The phantom closely misses you.
You hit the phantom but do no damage.
The phantom is almost destroyed.
You closely miss the phantom.
The phantom is almost destroyed.
The phantom misses you.
You closely miss the phantom.
The phantom is almost destroyed.
The phantom closely misses you. Something hits you.
You die...

#.##.##
##.......##
#.##.#
##.....##
##.##.#
##...##
......#
##'##
##.#### #.#
#.# #.# #.#
##.## #.#
##.{W## #.#
#...@.# #..
....#...##
##
###.##.## #
... ##.#
#.# #. #.


You could see a phantom.

Vanquished Creatures
  A water moccasin (D:4)
  A phantom (D:5)
  A hound (D:5)
  A jelly (D:5)
  3 orc priests
  3 iguanas
  6 orc wizards (D:5)
  3 gnolls (D:4)
  2 adders
  A shadow imp (D:5)
  A worm (D:2)
  4 dart slugs
  3 orcs
  7 ball pythons
  6 endoplasms
  4 giant cockroaches (D:1)
  7 goblins
  4 hobgoblins
  8 jackals (D:1)
  7 quokkas
  5 bats
  3 frilled lizards
  4 kobolds
  2 rats (D:1)
87 creatures vanquished.

Notes
Turn   | Place    | Note
-------+----------+-------------------------------------------
     0 | D:1      | Gladio the Demigod Gladiator began the quest for the Orb.
     0 | D:1      | Reached XP level 1. HP: 17/17 MP: 3/3
    97 | D:1      | Reached skill level 3 in Long Blades
   121 | D:1      | Reached XP level 2. HP: 19/24 MP: 4/4
   142 | D:1      | You fall into a shaft and drop 1 floor!
   511 | D:1      | Found The Oracle's Delphic Readings.
   616 | D:1      | Reached XP level 3. HP: 24/29 MP: 5/5
  1474 | D:3      | Reached XP level 4. HP: 36/37 MP: 6/6
  1612 | D:3      | Identified the +2 leather armour of the Exiled Tusks {rPois
                  | Int+2 Dex-2}
  1866 | D:4      | Identified the of Yrusetor
  1884 | D:4      | Found Linautegu's Weapon Shop.
  1942 | D:4      | Reached skill level 4 in Long Blades
  2129 | D:4      | Gained mutation: You are somewhat resistant to further
                  | mutation. [potion of mutation]
  2140 | D:4      | Reached XP level 5. HP: 9/44 MP: 7/7
  2324 | D:4      | Noticed a water moccasin
  2336 | D:4      | Killed a water moccasin
  2719 | D:5      | Entered Level 5 of the Dungeon
  2735 | D:5      | Reached XP level 6. HP: 29/51 MP: 8/8
  2883 | D:5      | Reached skill level 5 in Long Blades
  3322 | D:5      | Reached XP level 7. HP: 39/58 MP: 9/9
  3493 | D:5      | HP: 1/59 [phantom (4)]
  3511 | D:5      | HP: 2/59 [phantom (3)]
  3515 | D:5      | Slain by an orc wizard

Illustrated notes

Levels and vault maps discovered:
D:1:      tarquinn_simple_flora_water_a, layout_basic,
          nicolae_nh_oracle_at_delphi
D:2:      layout_basic, basic_altar, minmay_ruptured
D:3:      layout_rooms, mainiacjoe_overflow_boulevard,
          mainiacjoe_overflow_concentric_impassable
D:4:      nicolae_BIG_FREAKIN_CUBE, layout_loops_ring, serial_shops, shop
D:5:      layout_loops_corners, temple_fountains, grunt_decor_arrowhead,
          small_statue_alley_b, minmay_a_box_with_orc_wizards_in_it

Skill      XL: |  1  2  3  4  5  6  7 |
---------------+----------------------+-----
Fighting       | 2 3 4 |  4.0
Long Blades    | 3 4 5 |  5.9
Dodging        | 3 4 |  4.5
Throwing       | |  1.7

Action                     |  1- 3 |  4- 6 |  7- 9 || total
---------------------------+-------+-------+-------++-------
  Melee: Long sword        |   144 |       |       ||   144
         Punch             |     2 |     4 |       ||     6
         Short sword       |    22 |   145 |    50 ||   217
  Throw: Javelin           |       |       |     1 ||     1
    Use: Potion            |       |     5 |     1 ||     6
         Scroll            |       |     5 |       ||     5
   Stab: Sleeping          |     3 |     4 |       ||     7
 Armour: Leather armour    |    24 |    56 |    24 ||   104
         Ring mail         |   126 |     8 |       ||   134
         Skin              |       |     9 |       ||     9
  Dodge: Dodged            |   141 |    83 |    23 ||   247

Table legend: (Time is in decaauts)
 A = Elapsed time spent in this place.
 B = Non-inter-level travel time spent in this place.
 C = Inter-level travel time spent in this place.
 D = Time resting spent in this place.
 E = Time spent auto-exploring this place.
 F = Levels seen in this place.
 G = Mean time per level.
                   A        B        C        D        E       F      G
               +--------+--------+--------+--------+--------+-----+--------+
         Total |   3507 |   3334 |    173 |    184 |   2416 |   5 |  701.4 |
       Dungeon |   3507 |   3334 |    173 |    184 |   2416 |   5 |  701.4 |
               +--------+--------+--------+--------+--------+-----+--------+

Top non-repeatable levels by time:
     D:4: 949 daAuts
     D:1: 844 daAuts
     D:5: 664 daAuts
     D:2: 558 daAuts
     D:3: 490 daAuts
